 Dungeon Crawl Stone Soup version 0.29-a0-824-gd827844252 (webtiles) character file.

Game seed: 1682931670218869850

23 coolguy69 the Cutter (level 2, 0/16 HPs)
             Began as a Vine Stalker Monk on July 10, 2022.
             Slain by an adder (1 damage)
             ... on level 2 of the Dungeon.
             The game lasted 00:00:48 (1169 turns).

coolguy69 the Cutter (Vine Stalker Monk)            Turns: 1169, Time: 00:00:49

Health: 0/16       AC:  2    Str: 13    XL:     2   Next: 95%
Magic:  0/3        EV: 12    Int: 10    God:
Gold:   48         SH:  3    Dex: 16    Spells: 1/1 levels left

rFire   . . .      SeeInvis .   a - +0 short sword
rCold   . . .      Faith    .   l - +0 buckler
rNeg    . . .      Spirit   +   b - +0 robe
rPois   .          Reflect  .   (no helmet)
rElec   .          Harm     .   (no cloak)
rCorr   .          Rampage  .   (no gloves)
Will    .....                   (no boots)
Stlth   ++........              (no amulet)
HPRegen 0.05/turn               (no ring)
MPRegen 0.08/turn               (no ring)

@: no status effects
A: fangs 2, magic shield, antimagic bite, no potion heal 2
a: no special abilities


You were on level 2 of the Dungeon.
You visited 1 branch of the dungeon, and saw 2 of its levels.

You collected 48 gold pieces.

Inventory:

Hand Weapons
 a - a +0 short sword (weapon)
Armour
 b - a +0 robe (worn)
 l - a +0 buckler (worn)
Scrolls
 e - a scroll of magic mapping {unknown}
 f - a scroll of poison {unknown}
 g - 2 scrolls of identify {unknown}
 i - 2 scrolls of teleportation {unknown}
 k - a scroll of immolation
Potions
 c - a potion of ambrosia
 d - a potion of haste {unknown}
 h - 2 potions of lignification {unknown}
 j - a potion of degeneration {unknown}


   Skills:
 + Level 2.9 Fighting
 + Level 3.0 Short Blades
 + Level 2.8 Dodging
 + Level 2.6 Stealth


You had one spell level left.
You didn't know any spells.
Your spell library was empty.

Dungeon Overview and Level Annotations

Branches:
Dungeon (2/15)

Altars:


Innate Abilities, Weirdness & Mutations

You have extremely sharp teeth.
When hurt, damage is shared between your health and your magic reserves.
Your bite disrupts and absorbs the magic of your enemies.
Potions cannot restore your health.


Message History

The adder barely misses you. The endoplasm freezes you.
You are frozen.
You closely miss the adder.
The adder is moderately wounded.
The adder bites you. The adder closely misses you.
The endoplasm hits you but does no damage.
You closely miss the adder.
The adder is moderately wounded.
The adder closely misses you.
The endoplasm hits you but does no damage.
You miss the adder.
The adder is lightly wounded.
You block the adder's attack.
The endoplasm hits you but does no damage.
The goblin hits you with a +0 club. The adder barely misses you.
The adder bites you.
You are poisoned.
The adder poisons you!
You feel sick.
You hit the adder.
The adder is heavily wounded.
You feel sick. The adder barely misses you.
You hit the adder. Your bite misses the adder.
The adder is severely wounded.
The adder bites you. x2
* * * LOW HITPOINT WARNING * * *
You closely miss the adder.
The adder is severely wounded.
* * * LOW HITPOINT WARNING * * *
You feel sick. The adder barely misses you.
Unknown command.
You closely miss the adder.
The adder is severely wounded.
* * * LOW HITPOINT WARNING * * *
You feel sick.
You are no longer poisoned.
The adder bites you.
You die...

##≈.......#
####≈≈...$...#
≈≈≈≈≈........#
...)... .(...
.......♣♣..####
$......♣?J....#
.........####.#
.♣.....####
♣♣...gJS@#
#######.#
#####.##
#<.)...#
########


You could see an adder, an endoplasm and a goblin.

Vanquished Creatures
  2 ball pythons (D:1)
  2 endoplasms (D:1)
  A giant cockroach (D:1)
  2 goblins (D:1)
  4 hobgoblins (D:1)
  2 jackals (D:1)
  A kobold (D:1)
  A quokka (D:1)
  2 frilled lizards (D:1)
  2 rats (D:1)
19 creatures vanquished.

Notes
Turn   | Place    | Note
-------+----------+-------------------------------------------
     0 | D:1      | coolguy69 the Vine Stalker Monk began the quest for the
                  | Orb.
     0 | D:1      | Reached XP level 1. HP: 11/11 MP: 2/2
   326 | D:1      | Reached XP level 2. HP: 12/16 MP: 1/3
   627 | D:1      | Found a faded altar of an unknown god.
   644 | D:1      | Reached skill level 3 in Short Blades
  1169 | D:2      | Slain by an adder

Illustrated notes

Levels and vault maps discovered:
D:1:      dpeg_arrival_three_smaller_balls, layout_basic,
          hellmonk_ecumenical_altar_blasted, minivault_27
D:2:      layout_basic, kennysheep_decorative_pillar

Skill      XL: |  1  2 |
---------------+-------+-----
Short Blades   | 3 |  3.0
Fighting       | |  2.9
Dodging        | |  2.8
Stealth        | |  2.6

Action                   || total
-------------------------++-------
Melee: Short sword       ||    69
       Bite              ||    14
 Stab: Sleeping          ||     3
Armor: Robe              ||     8
Dodge: Dodged            ||    55
Block: Buckler           ||     3

Table legend: (Time is in decaauts)
 A = Elapsed time spent in this place.
 B = Non-inter-level travel time spent in this place.
 C = Inter-level travel time spent in this place.
 D = Time resting spent in this place.
 E = Time spent auto-exploring this place.
 F = Levels seen in this place.
 G = Mean time per level.
                   A        B        C        D        E       F      G
               +--------+--------+--------+--------+--------+-----+--------+
         Total |   1166 |   1150 |     16 |     13 |    956 |   2 |  583.0 |
       Dungeon |   1166 |   1150 |     16 |     13 |    956 |   2 |  583.0 |
               +--------+--------+--------+--------+--------+-----+--------+

Top non-repeatable levels by time:
     D:1: 1138 daAuts
     D:2: 27 daAuts
